 Dungeon Crawl Stone Soup version 0.22.1-1-ga44c0e5 (webtiles) character file.

97 Fang the Skirmisher (level 4, -1/29 HPs)
             Began as a Gargoyle Berserker on Oct 5, 2018.
             Was a Believer of Trog.
             Slain by a worm (7 damage)
             ... on level 3 of the Dungeon.
             The game lasted 00:01:25 (1308 turns).

Fang the Skirmisher (Gargoyle Berserker)            Turns: 1308, Time: 00:01:25

Health: -1/29      AC:  5    Str: 21    XL:     4   Next: 68%
Magic:  4/4        EV: 12    Int:  8    God:    Trog [**....]
Gold:   106        SH:  0    Dex:  9    Spells: 3/3 levels left

rFire    . . .     SeeInvis .   a - +0 hand axe
rCold    . . .     Gourm    .   (no shield)
rNeg     + . .     Faith    .   b - +0 animal skin
rPois    ∞         Spirit   .   (no helmet)
rElec    +         Reflect  .   (no cloak)
rCorr    .         Harm     .   (no gloves)
MR       .....                  (no boots)
Stlth    +.........             (no amulet)
HPRegen  0.09/turn              (no ring)
MPRegen  0.09/turn              (no ring)

@: berserk cooldown, slowed, very slow
A: negative energy resistance 1, electricity resistance, unbreathing,
petrification resistance, rot immunity, AC +3
a: Berserk, Trog's Hand, Renounce Religion


You were on level 3 of the Dungeon.
You worshipped Trog.
Trog was pleased with you.
You were very hungry.

You visited 1 branch of the dungeon, and saw 3 of its levels.

You collected 106 gold pieces.

Inventory:

Hand Weapons
 a - a +0 hand axe (weapon)
Armour
 b - a +0 animal skin (worn)
Jewellery
 p - an uncursed ring of flight {unknown}
Scrolls
 f - a scroll of teleportation {unknown}
 h - 2 scrolls of remove curse {unknown}
 i - 2 scrolls of enchant weapon {unknown}
 j - 2 scrolls of fear {unknown}
 l - a scroll of identify {unknown}
 m - 3 scrolls of magic mapping {unknown}
Potions
 d - a potion of mutation {unknown}
 e - a potion of curing {unknown}
 g - a potion of magic {unknown}
 k - a potion of lignification {unknown}
 n - a potion of resistance {unknown}
 o - a potion of cancellation {unknown}
 q - a potion of invisibility {unknown}
Comestibles
 c - 2 rations


   Skills:
 + Level 4.0 Fighting
 + Level 3.8 Axes
 + Level 2.3 Armour
 + Level 2.2 Dodging
 + Level 0.2 Stealth


You had 3 spell levels left.
You didn't know any spells.
Your spell library was empty.

Dungeon Overview and Level Annotations

Branches:
Dungeon (3/15)

Altars:
Hepliaklqana


Innate Abilities, Weirdness & Mutations

You are resistant to torment.
Your stone body is resilient. (AC +3)
You are immune to poison.
You resist negative energy. (rN+)
You are resistant to electric shocks. (rElec)
You can survive without breathing.
You are immune to petrification.
You are immune to rotting.


Message History

The jackal skeleton barely misses you. The worm closely misses you.
The jackal skeleton bites you.
* * * LOW HITPOINT WARNING * * *
The jackal skeleton barely misses you. The jackal skeleton misses you.
The jackal skeleton closely misses you.
The jackal skeleton bites you but does no damage.
You hit the worm but do no damage. You slash the jackal skeleton!
You destroy the jackal skeleton!
Trog accepts your kill. The worm bites you but does no damage.
You hit the worm but do no damage. The worm bites you.
* * * LOW HITPOINT WARNING * * *
You hit the worm.
The worm is lightly wounded.
The worm misses you.
You hit the worm.
The worm is moderately wounded.
The worm bites you!
You die...

#...........
#...........
#........... ###
#........... ......
#.##..###... !≈.≈≈.
#.##..### .. .≈≈≈.≈
#.#.....# .≈≈≈≈.#
##...###.#
..≈≈≈..##.@.## .#
...P......w#####...
....#..............
........$...........
....#..†...........
... #.).†..........
......†............
....#..............
###................


You could see a worm.

Vanquished Creatures
  4 adders
  3 worms
  2 dart slugs (D:1)
  A leopard gecko (D:1)
  A giant cockroach (D:2)
  13 hobgoblins
  A ball python (D:2)
  4 bats (D:1)
  3 frilled lizards
  4 goblins
  A jackal skeleton (D:3)
  7 kobolds
  5 rats
49 creatures vanquished.

Notes
Turn   | Place    | Note
-------+----------+-------------------------------------------
     0 | D:1      | Fang the Gargoyle Berserker began the quest for the Orb.
     0 | D:1      | Reached XP level 1. HP: 14/14 MP: 1/1
   227 | D:1      | Reached XP level 2. HP: 9/19 MP: 2/2
   714 | D:1      | Reached XP level 3. HP: 19/24 MP: 3/3
   958 | D:2      | Found a hazy altar of Hepliaklqana.
   964 | D:2      | Reached ** piety under Trog
  1080 | D:2      | Reached XP level 4. HP: 25/29 MP: 4/4
  1195 | D:2      | Reached skill level 4 in Fighting
  1308 | D:3      | Slain by a worm

Skill      XL: |  1  2  3  4 |
---------------+-------------+-----
Axes           | 3 |  3.8
Dodging        | 2 |  2.2
Fighting       | 4 |  4.0
Armour         | |  2.3
Stealth        | |  0.2

Action                   |  1- 3 |  4- 6 || total
-------------------------+-------+-------++-------
Melee: Hand axe          |   126 |    50 ||   176
Invok: Berserk           |     1 |     1 ||     2
  Eat: Chunk             |     2 |       ||     2
Armor: Animal skin       |    48 |    20 ||    68
Dodge: Dodged            |    93 |    40 ||   133
